 Dungeon Crawl Stone Soup version 0.28.0-45-g0d030f2227 (webtiles) character file.

Game seed: 13254321279313179645

3 Revguard the Insei (level 1, -1/13 HPs)
             Began as an Octopode Transmuter on Apr 12, 2022.
             Slain by a hobgoblin (5 damage)
             ... on level 1 of the Dungeon.
             The game lasted 00:00:56 (254 turns).

Revguard the Insei (Octopode Transmuter)             Turns: 254, Time: 00:00:56

Health: -1/13      AC:  1    Str:  9    XL:     1   Next: 50%
Magic:  2/3        EV: 13    Int: 15    God:
Gold:   8          SH:  0    Dex: 12    Spells: 3/4 levels left

rFire   . . .      SeeInvis .     - Unarmed
rCold   . . .      Faith    .   (no shield)
rNeg    . . .      Spirit   .   (helmet currently unavailable)
rPois   .          Reflect  .   (no amulet)
rElec   .          Harm     .   (no ring)
rCorr   .          Rampage  .   (no ring)
Will    .....                   (no ring)
Stlth   ++........              (no ring)
HPRegen 0.04/turn               (no ring)
MPRegen 0.08/turn               (no ring)
                                (no ring)
                                (no ring)

@: appendages (expiring)
A: tentacle spike 3, almost no armour, amphibious, 8 rings, camouflage 1,
gelatinous body 1, (nimble swimmer 1), tentacles
a: End Transformation


You were on level 1 of the Dungeon.
One of your tentacles had grown a beastly spike.
You visited 1 branch of the dungeon, and saw 1 of its levels.

You collected 8 gold pieces.

Inventory:

Scrolls
 b - a scroll of fear {unknown}
Potions
 a - a potion of mutation {unknown}
 c - a potion of attraction {unknown}


   Skills:
 + Level 1.0 Fighting
 + Level 2.0 Dodging
 + Level 0.2 Stealth
 + Level 3.0 Unarmed Combat
 + Level 2.0 Spellcasting
 + Level 2.0 Transmutations


You had 3 spell levels left.
You knew the following spells:

 Your Spells              Type           Power      Damage    Failure   Level
a - Beastly Appendage     Tmut           14%        N/A       10%         1

Your spell library contained the following spells:

 Spells                   Type           Power      Damage    Failure   Level
 Wereblood                Tmut           7%         N/A       14%         2
 Spider Form              Tmut/Pois      4%         N/A       41%         3
 Ice Form                 Ice/Tmut       4%         N/A       82%         4


Dungeon Overview and Level Annotations

Branches:
Dungeon (1/15)

Altars:


Innate Abilities, Weirdness & Mutations

One of your tentacles has grown a beastly spike.
You cannot wear most types of armour.
You are amphibious.
You can wear up to eight rings at the same time.
Your skin changes colour to match your surroundings (Stealth+).
Your rubbery body absorbs attacks. (AC +1, EV +1)
((You are camouflaged when in or above water. (Stealth+)))
You have tentacles for arms and can constrict up to eight enemies at once.


Message History

Found a hand axe.
You see here a hobgoblin corpse.
A bat comes into view.
Found a scroll labelled LEOFFU PECA.
A hobgoblin comes into view.
The hobgoblin shouts!
A frilled lizard comes into view.
The bat hits you. The bat barely misses you.
You see here a scroll labelled LEOFFU PECA.
Found an escape hatch in the floor.
Casting: Beastly Appendage (safe; 10% risk of failure)
Press: ? - help, Q - select action Dir - look around, f - activate One of your tentacles grows a vicious spike.
The frilled lizard hisses angrily.
The bat barely misses you. x2
You tentacle-slap the hobgoblin. Your grab misses the hobgoblin.
You tentacle-slap the hobgoblin, but do no damage.
Your squeeze misses the hobgoblin.
The hobgoblin is heavily wounded.
The bat closely misses you. x2; The hobgoblin hits you.
The bat closely misses you. The hobgoblin closely misses you.
You see here a scroll labelled LEOFFU PECA.
You closely miss the hobgoblin. Your grab misses the hobgoblin.
You pierce the hobgoblin.
The hobgoblin is severely wounded.
The hobgoblin hits you. The bat hits you.
You closely miss the bat. Your grab misses the bat.
Your tentacle spike misses the bat.
The bat misses you. The hobgoblin misses you.
You closely miss the bat. Your grab misses the bat.
You pierce the bat.
Your tentacle-slap misses the bat.
The bat is severely wounded.
Your transformation is almost over.
The bat closely misses you.
The frilled lizard bites you but does no damage.
You completely miss the hobgoblin. Your grab misses the hobgoblin.
The hobgoblin is severely wounded.
The bat hits you but does no damage. The bat barely misses you.
The hobgoblin hits you.
You die...

.....†......)...#.
...##.##.#######..
...##.#..# #.# ....
...##...## #.# ....
...#...## #.# .....
.......#########.# .....
.................#......
....############b#......
...## #######@l......
#).# #.......g......
#.## ###.##......... #.#
#.#.....## #.# ..
.##.... #.## .## ## .#..
'..# .. ##. #..# .#
#.....# .>


You could see a hobgoblin, a bat and a frilled lizard.

Vanquished Creatures
  2 hobgoblins (D:1)
  A bat (D:1)
3 creatures vanquished.

Notes
Turn   | Place    | Note
-------+----------+-------------------------------------------
     0 | D:1      | Revguard the Octopode Transmuter began the quest for the
                  | Orb.
     0 | D:1      | Reached XP level 1. HP: 13/13 MP: 3/3
   254 | D:1      | Slain by a hobgoblin

Illustrated notes

Levels and vault maps discovered:
D:1:      beargit_arrival_greenhouse, layout_rooms

Action                   || total
-------------------------++-------
Melee: Unarmed           ||     8
       Kick              ||     3
       Constrict         ||     2
       Tentacles         ||     2
       Punch             ||     1
 Cast: Beastly Appendage ||     4
Armor: Skin              ||     2
Dodge: Dodged            ||    14
